Capitals vs Wild

Created - November 19 2011 at 19:36

Goals
1 2 3 T
Capitals 1 1 1 3
Wild 1 0 1 2
Shots
1 2 3 T
Capitals 8 5 7 20
Wild 3 8 11 22

Period #1

1. Wild , Michal Rozsival 2 (Erik Cole, Ryan Getzlaf) at 2:37
2. Capitals , Jeff Halpern 6 (Alexander Ovechkin, Kimmo Timonen) at 15:38

Penalties :
Niclas Wallin (MIN) for Slashing (Minor) at 4:49, Bobby Ryan (MIN) for Tripping (Minor) at 7:37, Ryan Getzlaf (MIN) for Slashing (Minor) at 13:32, Alexander Ovechkin (WSH) for Hooking (Minor) at 17:36, Alexei Ponikarovsky (MIN) for Hooking (Minor) at 19:55

Period #2

3. Capitals , Mark Mancari 1 (Douglas Murray, Willie Mitchell) at 13:35 (PP)

Penalties :
Alexei Ponikarovsky (MIN) for Holding (Minor) at 3:50, Ryan Getzlaf (MIN) for Fighting (Major) at 4:03, Douglas Murray (WSH) for Fighting (Major) at 4:03, Kimmo Timonen (WSH) for Cross-checking (Minor) at 6:01, Marc Methot (WSH) for Hooking (Minor) at 9:01, Bobby Ryan (MIN) for Tripping (Minor) at 13:23

Period #3

4. Wild , Ryan Getzlaf 9 (Michal Rozsival, Joni Pitkanen) at 11:18
5. Capitals , Douglas Murray 5 (Willie Mitchell) at 18:38 (PP)

Penalties :
Douglas Murray (WSH) for Hooking (Minor) at 0:43, Ryan Getzlaf (MIN) for Tripping (Minor) at 8:40, Douglas Murray (WSH) for Tripping (Minor) at 16:09, Michal Rozsival (MIN) for Hooking (Minor) at 17:26

Goalie Stats

Jimmy Howard (WSH), 20 saves from 22 shots - (0.909), W, 16-6-0, 60:00 minutes
Craig Anderson (MIN), 17 saves from 20 shots - (0.850), L, 13-8-1, 59:22 minutes

Players Stats

Capitals
Player Name              G  A  P  +/- PIM S  H  SB FO    MP 
------------------------------------------------------------
Alexander Ovechkin       0  1  1   0  2   2  2  0  3/7   24 
Alexander Semin          0  0  0   0  0   1  3  0  1/4   21 
Alexei Kovalev           0  0  0   1  0   3  0  0  2/2   14 
Boyd Gordon              0  0  0   0  0   0  0  0  0/0   0  
Cory Sarich              0  0  0   0  0   0  0  0  0/0   0  
Douglas Murray           1  1  2   0  9   3  5  1  0/0   18 
Jeff Halpern             1  0  1   1  0   2  0  1  14/21 19 
Kimmo Timonen            0  1  1   0  2   0  1  1  0/0   21 
Marc Methot              0  0  0  -1  2   0  3  1  0/0   18 
Mark Mancari             1  0  1  -1  0   1  2  0  4/9   20 
Mathieu Perreault        0  0  0   0  0   0  0  0  0/0   2  
Matt Stajan              0  0  0  -1  0   0  0  0  5/15  21 
Ryan McDonagh            0  0  0   0  0   0  0  2  0/0   13 
Steve Eminger            0  0  0  -1  0   0  0  1  0/0   21 
Taylor Hall              0  0  0  -1  0   5  0  0  1/4   18 
Tomas Fleischmann        0  0  0  -1  0   1  0  0  2/3   20 
Trent Hunter             0  0  0  -1  0   0  4  0  3/6   18 
Willie Mitchell          0  2  2   0  0   2  0  2  0/0   21 
Wild
Player Name              G  A  P  +/- PIM S  H  SB FO    MP 
------------------------------------------------------------
Alexei Ponikarovsky      0  0  0  -1  4   0  2  0  0/0   12 
Andrew Alberts           0  0  0   0  0   0  0  1  0/0   2  
Bobby Ryan               0  0  0   0  4   0  1  0  10/16 21 
Brian Willsie            0  0  0   0  0   0  0  0  0/2   16 
Christopher Higgins      0  0  0   0  0   0  2  0  4/8   18 
Colin White              0  0  0   0  0   0  1  0  0/0   12 
Erik Cole                0  1  1   1  0   4  2  0  2/3   20 
Joel Ward                0  0  0   0  0   4  0  0  0/1   17 
Joni Pitkanen            0  1  1   2  0   0  0  1  0/0   23 
Marc-Andre Bergeron      0  0  0   0  0   1  0  0  0/0   17 
Michal Rozsival          1  1  2   1  2   5  2  0  0/0   22 
Mike Modano              0  0  0   0  0   1  0  0  8/12  18 
Milan Michalek           0  0  0   1  0   2  3  0  2/3   20 
Niclas Wallin            0  0  0   0  2   0  3  0  0/0   18 
Ruslan Fedotenko         0  0  0   0  0   0  0  1  1/1   6  
Ryan Getzlaf             1  1  2   1  9   3  4  0  9/25  19 
Tim Stapleton            0  0  0   0  0   0  0  0  0/0   0  
Tom Gilbert              0  0  0   0  0   2  1  2  0/0   23 

3 Stars

1 - Michal Rozsival (MIN)
2 - Jeff Halpern (WSH)
3 - Willie Mitchell (WSH)

Power Play

Capitals - 2 on 8 Attempt(s) - 25.00%
Wild - 0 on 5 Attempt(s) - 0.00%

Penalty Kill

Capitals - 5 on 5 Attempt(s) - 100.00% - Score 0 goal in Penalty Kill
Wild - 6 on 8 Attempt(s) - 75.00% - Score 0 goal in Penalty Kill

Game Notes

Ryan Getzlaf and Douglas Murray fight to a draw at 4:03 of 2nd period

Finance

Level 1 -- Attendance: 4381 (67.40%) -- Ticket Income $438,100.00
Level 2 -- Attendance: 3255 (65.10%) -- Ticket Income $195,300.00
Level 3 -- Attendance: 2727 (77.91%) -- Ticket Income $95,445.00
Level 4 -- Attendance: 2064 (100.00%) -- Ticket Income $41,280.00
Luxury Box -- Attendance: 694 (69.40%) -- Ticket Income $138,800.00
Game was played at the Xcel Energy Center
Total Attendance: 13121 (72.64%)
Total Ticket Income: $958,344.30
Other Income: $196,481.70
Total Income: $1,154,826.00


Play by Play

Period #1

0:01 of 1st period - Matt Stajan wins face-off versus Ryan Getzlaf in neutral zone.
1:29 of 1st period - Shot by Erik Cole.
1:29 of 1st period - Stopped by Jimmy Howard without a rebound.
1:30 of 1st period - Mike Modano wins face-off versus Mark Mancari in Capitals zone.
1:39 of 1st period - Shot by Mike Modano.
1:39 of 1st period - Shot Blocked by Ryan McDonagh.
1:59 of 1st period - Shot by Alexei Ponikarovsky.
1:59 of 1st period - Shot Misses the Net.
2:31 of 1st period - Shot by Ryan Getzlaf.
2:31 of 1st period - Shot Misses the Net.
2:33 of 1st period - Shot by Ryan Getzlaf.
2:33 of 1st period - Deflect By Erik Cole.
2:33 of 1st period - Shot Blocked by Ryan McDonagh.
2:35 of 1st period - Shot by Erik Cole.
2:35 of 1st period - Shot Misses the Net.
2:37 of 1st period - Shot by Michal Rozsival.
2:37 of 1st period - Goal by Michal Rozsival - Capitals : 0 - Wild : 1.
2:38 of 1st period - Bobby Ryan wins face-off versus Jeff Halpern in neutral zone.
4:20 of 1st period - Shot by Taylor Hall.
4:20 of 1st period - Stopped by Craig Anderson with a rebound.
4:48 of 1st period - Alexander Semin is hit by Niclas Wallin and loses puck.
4:49 of 1st period - Minor Penalty to Niclas Wallin for Slashing.
4:50 of 1st period - Mike Modano wins face-off versus Jeff Halpern in Wild zone.
5:48 of 1st period - Shot by Taylor Hall.
5:48 of 1st period - Stopped by Craig Anderson with a rebound.
5:50 of 1st period - Shot by Douglas Murray.
5:50 of 1st period - Stopped by Craig Anderson with a rebound.
5:52 of 1st period - Shot by Willie Mitchell.
5:52 of 1st period - Stopped by Craig Anderson without a rebound.
5:53 of 1st period - Ruslan Fedotenko wins face-off versus Matt Stajan in Wild zone.
6:06 of 1st period - Shot by Willie Mitchell.
6:06 of 1st period - Shot Blocked by Andrew Alberts.
6:08 of 1st period - Shot by Willie Mitchell.
6:08 of 1st period - Stopped by Craig Anderson without a rebound.
6:09 of 1st period - Ryan Getzlaf wins face-off versus Trent Hunter in Wild zone.
6:18 of 1st period - Shot by Kimmo Timonen.
6:18 of 1st period - Shot Misses the Net.
6:22 of 1st period - Shot by Kimmo Timonen.
6:22 of 1st period - Shot Blocked by Ruslan Fedotenko.
7:07 of 1st period - Taylor Hall is hit by Milan Michalek and loses puck.
7:11 of 1st period - Ryan McDonagh is hit by Erik Cole and loses puck.
7:37 of 1st period - Minor Penalty to Bobby Ryan for Tripping.
7:38 of 1st period - Trent Hunter wins face-off versus Ryan Getzlaf in Wild zone.
7:55 of 1st period - Shot by Alexei Kovalev.
7:55 of 1st period - Stopped by Craig Anderson without a rebound.
7:56 of 1st period - Ryan Getzlaf wins face-off versus Matt Stajan in Wild zone.
7:56 of 1st period - Ryan Getzlaf is hit by Alexander Semin.
9:40 of 1st period - Icing by Alexander Semin.
9:41 of 1st period - Milan Michalek wins face-off versus Alexander Semin in Capitals zone.
10:22 of 1st period - Icing by Willie Mitchell.
10:23 of 1st period - Mark Mancari wins face-off versus Ryan Getzlaf in Capitals zone.
10:44 of 1st period - Shot by Michal Rozsival.
10:44 of 1st period - Shot Blocked by Douglas Murray.
11:02 of 1st period - Niclas Wallin is hit by Alexander Semin and loses puck.
11:25 of 1st period - Shot by Mike Modano.
11:25 of 1st period - Shot Misses the Net.
12:30 of 1st period - Icing by Colin White.
12:31 of 1st period - Mike Modano wins face-off versus Matt Stajan in Wild zone.
13:31 of 1st period - Alexander Ovechkin is hit by Ryan Getzlaf and loses puck.
13:32 of 1st period - Minor Penalty to Ryan Getzlaf for Slashing.
13:33 of 1st period - Trent Hunter wins face-off versus Christopher Higgins in Wild zone.
13:47 of 1st period - Icing by Marc Methot.
13:48 of 1st period - Christopher Higgins wins face-off versus Trent Hunter in Capitals zone.
15:08 of 1st period - Shot by Taylor Hall.
15:08 of 1st period - Shot Misses the Net.
15:32 of 1st period - Shot by Taylor Hall.
15:32 of 1st period - Stopped by Craig Anderson with a rebound.
15:34 of 1st period - Shot by Ryan McDonagh.
15:34 of 1st period - Deflect By Jeff Halpern.
15:34 of 1st period - Shot Misses the Net.
15:38 of 1st period - Shot by Alexander Ovechkin.
15:38 of 1st period - Deflect By Jeff Halpern.
15:38 of 1st period - Goal by Jeff Halpern - Capitals : 1 - Wild : 1.
15:39 of 1st period - Jeff Halpern wins face-off versus Bobby Ryan in neutral zone.
17:36 of 1st period - Minor Penalty to Alexander Ovechkin for Hooking.
17:37 of 1st period - Ryan Getzlaf wins face-off versus Taylor Hall in Capitals zone.
17:42 of 1st period - Shot by Ryan Getzlaf.
17:42 of 1st period - Shot Misses the Net.
17:44 of 1st period - Shot by Michal Rozsival.
17:44 of 1st period - Stopped by Jimmy Howard without a rebound.
17:45 of 1st period - Jeff Halpern wins face-off versus Brian Willsie in Capitals zone.
17:45 of 1st period - Jeff Halpern is hit by Milan Michalek.
17:52 of 1st period - Icing by Tom Gilbert.
17:53 of 1st period - Jeff Halpern wins face-off versus Bobby Ryan in Wild zone.
19:55 of 1st period - Minor Penalty to Alexei Ponikarovsky for Hooking.
19:56 of 1st period - Ryan Getzlaf wins face-off versus Alexander Ovechkin in Wild zone.

Period #2

0:01 of 2nd period - Trent Hunter wins face-off versus Ryan Getzlaf in neutral zone.
0:04 of 2nd period - Michal Rozsival is hit by Alexander Ovechkin and loses puck.
1:18 of 2nd period - Shot by Alexei Kovalev.
1:18 of 2nd period - Shot Blocked by Tom Gilbert.
1:27 of 2nd period - Shot by Douglas Murray.
1:27 of 2nd period - Shot Misses the Net.
1:41 of 2nd period - Shot by Alexander Ovechkin.
1:41 of 2nd period - Stopped by Craig Anderson with a rebound.
1:45 of 2nd period - Shot by Alexander Ovechkin.
1:45 of 2nd period - Shot Misses the Net.
2:16 of 2nd period - Icing by Ryan McDonagh.
2:17 of 2nd period - Mark Mancari wins face-off versus Ryan Getzlaf in Capitals zone.
2:26 of 2nd period - Ryan Getzlaf is hit by Mark Mancari and loses puck.
2:45 of 2nd period - Icing by Alexander Ovechkin.
2:46 of 2nd period - Bobby Ryan wins face-off versus Matt Stajan in Capitals zone.
3:50 of 2nd period - Minor Penalty to Alexei Ponikarovsky for Holding.
3:51 of 2nd period - Jeff Halpern wins face-off versus Ryan Getzlaf in Wild zone.
3:52 of 2nd period - Shot by Mark Mancari.
3:52 of 2nd period - Shot Misses the Net.
3:54 of 2nd period - Shot by Alexei Kovalev.
3:54 of 2nd period - Stopped by Craig Anderson without a rebound.
3:55 of 2nd period - Ryan Getzlaf wins face-off versus Matt Stajan in Wild zone.
3:55 of 2nd period - Joni Pitkanen is hit by Mark Mancari and loses puck.
4:03 of 2nd period - Ryan Getzlaf and Douglas Murray fight to a draw.
4:03 of 2nd period - Penalty to Ryan Getzlaf for Fighting.
4:03 of 2nd period - Penalty to Douglas Murray for Fighting.
4:04 of 2nd period - Bobby Ryan wins face-off versus Alexander Ovechkin in Wild zone.
4:15 of 2nd period - Michal Rozsival is hit by Trent Hunter and loses puck.
5:52 of 2nd period - Alexander Semin is hit by Milan Michalek.
6:01 of 2nd period - Minor Penalty to Kimmo Timonen for Cross-checking.
6:02 of 2nd period - Jeff Halpern wins face-off versus Milan Michalek in Capitals zone.
6:13 of 2nd period - Shot by Joni Pitkanen.
6:13 of 2nd period - Shot Blocked by Jeff Halpern.
6:47 of 2nd period - Shot by Christopher Higgins.
6:47 of 2nd period - Shot Misses the Net.
6:51 of 2nd period - Shot by Brian Willsie.
6:51 of 2nd period - Deflect By Christopher Higgins.
6:51 of 2nd period - Shot Misses the Net.
6:56 of 2nd period - Shot by Marc-Andre Bergeron.
6:56 of 2nd period - Shot Misses the Net.
7:00 of 2nd period - Shot by Tom Gilbert.
7:00 of 2nd period - Stopped by Jimmy Howard without a rebound.
7:01 of 2nd period - Tomas Fleischmann wins face-off versus Bobby Ryan in Capitals zone.
8:02 of 2nd period - Jeff Halpern is hit by Alexei Ponikarovsky and loses puck.
8:23 of 2nd period - Shot by Joel Ward.
8:23 of 2nd period - Stopped by Jimmy Howard without a rebound.
8:24 of 2nd period - Jeff Halpern wins face-off versus Christopher Higgins in Capitals zone.
8:28 of 2nd period - Icing by Alexander Ovechkin.
8:29 of 2nd period - Jeff Halpern wins face-off versus Joel Ward in Capitals zone.
8:49 of 2nd period - Shot by Alexander Ovechkin.
8:49 of 2nd period - Stopped by Craig Anderson without a rebound.
8:50 of 2nd period - Mark Mancari wins face-off versus Christopher Higgins in Wild zone.
8:50 of 2nd period - Ryan McDonagh is hit by Michal Rozsival and loses puck.
8:54 of 2nd period - Icing by Joni Pitkanen.
8:55 of 2nd period - Mark Mancari wins face-off versus Christopher Higgins in Wild zone.
9:01 of 2nd period - Minor Penalty to Marc Methot for Hooking.
9:02 of 2nd period - Christopher Higgins wins face-off versus Alexander Semin in Capitals zone.
9:07 of 2nd period - Shot by Milan Michalek.
9:07 of 2nd period - Shot Misses the Net.
9:09 of 2nd period - Shot by Erik Cole.
9:09 of 2nd period - Stopped by Jimmy Howard with a rebound.
9:13 of 2nd period - Shot by Ryan Getzlaf.
9:13 of 2nd period - Shot Misses the Net.
9:15 of 2nd period - Shot by Michal Rozsival.
9:15 of 2nd period - Shot Misses the Net.
9:17 of 2nd period - Shot by Michal Rozsival.
9:17 of 2nd period - Stopped by Jimmy Howard with a rebound.
9:31 of 2nd period - Shot by Erik Cole.
9:31 of 2nd period - Stopped by Jimmy Howard without a rebound.
9:32 of 2nd period - Bobby Ryan wins face-off versus Jeff Halpern in Capitals zone.
9:54 of 2nd period - Shot by Marc-Andre Bergeron.
9:54 of 2nd period - Shot Blocked by Willie Mitchell.
9:56 of 2nd period - Shot by Tom Gilbert.
9:56 of 2nd period - Stopped by Jimmy Howard without a rebound.
9:57 of 2nd period - Jeff Halpern wins face-off versus Ryan Getzlaf in Capitals zone.
10:25 of 2nd period - Shot by Erik Cole.
10:25 of 2nd period - Shot Misses the Net.
11:07 of 2nd period - Alexander Semin is hit by Niclas Wallin and loses puck.
11:37 of 2nd period - Alexander Semin is hit by Niclas Wallin and loses puck.
11:43 of 2nd period - Off-side.
11:44 of 2nd period - Alexander Ovechkin wins face-off versus Ryan Getzlaf in neutral zone.
12:01 of 2nd period - Shot by Erik Cole.
12:01 of 2nd period - Deflect By Ryan Getzlaf.
12:01 of 2nd period - Stopped by Jimmy Howard without a rebound.
12:02 of 2nd period - Christopher Higgins wins face-off versus Matt Stajan in Capitals zone.
13:03 of 2nd period - Shot by Taylor Hall.
13:03 of 2nd period - Shot Blocked by Joni Pitkanen.
13:23 of 2nd period - Minor Penalty to Bobby Ryan for Tripping.
13:24 of 2nd period - Matt Stajan wins face-off versus Mike Modano in Wild zone.
13:25 of 2nd period - Shot by Willie Mitchell.
13:25 of 2nd period - Deflect By Alexei Kovalev.
13:25 of 2nd period - Stopped by Craig Anderson with a rebound.
13:27 of 2nd period - Shot by Willie Mitchell.
13:27 of 2nd period - Shot Misses the Net.
13:29 of 2nd period - Shot by Douglas Murray.
13:29 of 2nd period - Shot Misses the Net.
13:31 of 2nd period - Shot by Douglas Murray.
13:31 of 2nd period - Shot Misses the Net.
13:35 of 2nd period - Shot by Mark Mancari.
13:35 of 2nd period - Goal by Mark Mancari - Capitals : 2 - Wild : 1.
13:36 of 2nd period - Bobby Ryan wins face-off versus Matt Stajan in neutral zone.
14:12 of 2nd period - Bobby Ryan is hit by Kimmo Timonen.
14:16 of 2nd period - Shot by Erik Cole.
14:16 of 2nd period - Shot Blocked by Steve Eminger.
15:52 of 2nd period - Bobby Ryan is hit by Douglas Murray and loses puck.
16:11 of 2nd period - Tom Gilbert is hit by Trent Hunter and loses puck.
17:54 of 2nd period - Ryan McDonagh is hit by Christopher Higgins and loses puck.
18:48 of 2nd period - Off-side.
18:49 of 2nd period - Jeff Halpern wins face-off versus Ryan Getzlaf in neutral zone.
18:49 of 2nd period - Alexander Semin is hit by Ryan Getzlaf and loses puck.
19:03 of 2nd period - Shot by Ryan Getzlaf.
19:03 of 2nd period - Shot Blocked by Willie Mitchell.
19:05 of 2nd period - Shot by Michal Rozsival.
19:05 of 2nd period - Stopped by Jimmy Howard without a rebound.
19:06 of 2nd period - Mike Modano wins face-off versus Jeff Halpern in Capitals zone.
19:06 of 2nd period - Niclas Wallin is hit by Douglas Murray and loses puck.
19:42 of 2nd period - Icing by Willie Mitchell.
19:43 of 2nd period - Jeff Halpern wins face-off versus Erik Cole in Capitals zone.

Period #3

0:01 of 3rd period - Christopher Higgins wins face-off versus Matt Stajan in neutral zone.
0:01 of 3rd period - Christopher Higgins is hit by Alexander Ovechkin.
0:35 of 3rd period - Shot by Tomas Fleischmann.
0:35 of 3rd period - Stopped by Craig Anderson without a rebound.
0:36 of 3rd period - Bobby Ryan wins face-off versus Jeff Halpern in Wild zone.
0:36 of 3rd period - Bobby Ryan is hit by Alexander Semin.
0:43 of 3rd period - Minor Penalty to Douglas Murray for Hooking.
0:44 of 3rd period - Bobby Ryan wins face-off versus Mark Mancari in Capitals zone.
1:22 of 3rd period - Icing by Marc-Andre Bergeron.
1:23 of 3rd period - Bobby Ryan wins face-off versus Mark Mancari in Wild zone.
1:23 of 3rd period - Bobby Ryan is hit by Trent Hunter.
2:26 of 3rd period - Icing by Milan Michalek.
2:27 of 3rd period - Jeff Halpern wins face-off versus Bobby Ryan in Wild zone.
2:33 of 3rd period - Icing by Alexei Ponikarovsky.
2:34 of 3rd period - Bobby Ryan wins face-off versus Mark Mancari in Wild zone.
3:46 of 3rd period - Shot by Jeff Halpern.
3:46 of 3rd period - Shot Hit the Post.
3:56 of 3rd period - Shot by Alexander Semin.
3:56 of 3rd period - Stopped by Craig Anderson without a rebound.
3:57 of 3rd period - Ryan Getzlaf wins face-off versus Mark Mancari in Wild zone.
4:10 of 3rd period - Shot by Taylor Hall.
4:10 of 3rd period - Stopped by Craig Anderson without a rebound.
4:11 of 3rd period - Milan Michalek wins face-off versus Jeff Halpern in Wild zone.
4:28 of 3rd period - Alexander Semin is hit by Erik Cole.
4:35 of 3rd period - Shot by Alexander Semin.
4:35 of 3rd period - Shot Misses the Net.
5:54 of 3rd period - Steve Eminger is hit by Alexei Ponikarovsky and loses puck.
6:01 of 3rd period - Shot by Joel Ward.
6:01 of 3rd period - Stopped by Jimmy Howard without a rebound.
6:02 of 3rd period - Erik Cole wins face-off versus Alexander Semin in Capitals zone.
6:49 of 3rd period - Shot by Jeff Halpern.
6:49 of 3rd period - Stopped by Craig Anderson without a rebound.
6:50 of 3rd period - Matt Stajan wins face-off versus Mike Modano in Wild zone.
6:54 of 3rd period - Tomas Fleischmann is hit by Colin White and loses puck.
7:43 of 3rd period - Icing by Alexander Ovechkin.
7:44 of 3rd period - Ryan Getzlaf wins face-off versus Matt Stajan in Capitals zone.
7:47 of 3rd period - Shot by Ryan Getzlaf.
7:47 of 3rd period - Shot Misses the Net.
7:51 of 3rd period - Shot by Ryan Getzlaf.
7:51 of 3rd period - Stopped by Jimmy Howard without a rebound.
7:52 of 3rd period - Jeff Halpern wins face-off versus Ryan Getzlaf in Capitals zone.
7:52 of 3rd period - Jeff Halpern is hit by Ryan Getzlaf.
8:06 of 3rd period - Willie Mitchell is hit by Ryan Getzlaf and loses puck.
8:40 of 3rd period - Minor Penalty to Ryan Getzlaf for Tripping.
8:41 of 3rd period - Alexei Kovalev wins face-off versus Mike Modano in Wild zone.
8:58 of 3rd period - Shot by Taylor Hall.
8:58 of 3rd period - Stopped by Craig Anderson without a rebound.
8:59 of 3rd period - Mike Modano wins face-off versus Alexander Ovechkin in Wild zone.
10:04 of 3rd period - Shot by Douglas Murray.
10:04 of 3rd period - Stopped by Craig Anderson without a rebound.
10:05 of 3rd period - Erik Cole wins face-off versus Taylor Hall in Wild zone.
10:11 of 3rd period - Icing by Kimmo Timonen.
10:12 of 3rd period - Taylor Hall wins face-off versus Bobby Ryan in Capitals zone.
10:14 of 3rd period - Alexei Kovalev is hit by Bobby Ryan and loses puck.
10:27 of 3rd period - Icing by Kimmo Timonen.
10:28 of 3rd period - Mike Modano wins face-off versus Taylor Hall in Capitals zone.
10:56 of 3rd period - Erik Cole is hit by Marc Methot and loses puck.
10:59 of 3rd period - Shot by Milan Michalek.
10:59 of 3rd period - Stopped by Jimmy Howard without a rebound.
11:00 of 3rd period - Matt Stajan wins face-off versus Ryan Getzlaf in Capitals zone.
11:00 of 3rd period - Matt Stajan is hit by Christopher Higgins.
11:08 of 3rd period - Shot by Ryan Getzlaf.
11:08 of 3rd period - Shot Misses the Net.
11:12 of 3rd period - Shot by Ryan Getzlaf.
11:12 of 3rd period - Shot Misses the Net.
11:14 of 3rd period - Shot by Michal Rozsival.
11:14 of 3rd period - Shot Misses the Net.
11:18 of 3rd period - Shot by Ryan Getzlaf.
11:18 of 3rd period - Goal by Ryan Getzlaf - Capitals : 2 - Wild : 2.
11:19 of 3rd period - Mike Modano wins face-off versus Jeff Halpern in neutral zone.
11:25 of 3rd period - Joel Ward is hit by Douglas Murray and loses puck.
11:49 of 3rd period - Joel Ward is hit by Douglas Murray.
11:54 of 3rd period - Alexei Ponikarovsky is hit by Douglas Murray and loses puck.
12:27 of 3rd period - Icing by Kimmo Timonen.
12:28 of 3rd period - Matt Stajan wins face-off versus Ryan Getzlaf in Capitals zone.
13:09 of 3rd period - Ryan Getzlaf is hit by Marc Methot and loses puck.
13:20 of 3rd period - Bobby Ryan is hit by Trent Hunter and loses puck.
13:40 of 3rd period - Milan Michalek is hit by Marc Methot.
13:52 of 3rd period - Shot by Erik Cole.
13:52 of 3rd period - Stopped by Jimmy Howard without a rebound.
13:53 of 3rd period - Mike Modano wins face-off versus Matt Stajan in Capitals zone.
14:05 of 3rd period - Off-side.
14:06 of 3rd period - Jeff Halpern wins face-off versus Mike Modano in neutral zone.
14:16 of 3rd period - Off-side.
14:17 of 3rd period - Alexei Kovalev wins face-off versus Ryan Getzlaf in neutral zone.
15:07 of 3rd period - Shot by Joel Ward.
15:07 of 3rd period - Shot Misses the Net.
15:11 of 3rd period - Shot by Mike Modano.
15:11 of 3rd period - Stopped by Jimmy Howard with a rebound.
15:17 of 3rd period - Shot by Joel Ward.
15:17 of 3rd period - Stopped by Jimmy Howard with a rebound.
15:19 of 3rd period - Shot by Colin White.
15:19 of 3rd period - Shot Blocked by Kimmo Timonen.
15:33 of 3rd period - Shot by Joel Ward.
15:33 of 3rd period - Stopped by Jimmy Howard with a rebound.
15:56 of 3rd period - Jeff Halpern is hit by Tom Gilbert.
16:09 of 3rd period - Minor Penalty to Douglas Murray for Tripping.
16:10 of 3rd period - Ryan Getzlaf wins face-off versus Trent Hunter in Capitals zone.
16:39 of 3rd period - Shot by Michal Rozsival.
16:39 of 3rd period - Stopped by Jimmy Howard without a rebound.
16:40 of 3rd period - Alexander Semin wins face-off versus Brian Willsie in Capitals zone.
16:59 of 3rd period - Shot by Marc-Andre Bergeron.
16:59 of 3rd period - Stopped by Jimmy Howard with a rebound.
17:03 of 3rd period - Shot by Milan Michalek.
17:03 of 3rd period - Shot Blocked by Marc Methot.
17:05 of 3rd period - Shot by Tom Gilbert.
17:05 of 3rd period - Shot Misses the Net.
17:07 of 3rd period - Shot by Tom Gilbert.
17:07 of 3rd period - Shot Misses the Net.
17:11 of 3rd period - Shot by Bobby Ryan.
17:11 of 3rd period - Shot Misses the Net.
17:26 of 3rd period - Minor Penalty to Michal Rozsival for Hooking.
17:27 of 3rd period - Bobby Ryan wins face-off versus Tomas Fleischmann in Wild zone.
17:37 of 3rd period - Shot by Milan Michalek.
17:37 of 3rd period - Deflect By Bobby Ryan.
17:37 of 3rd period - Shot Misses the Net.
17:50 of 3rd period - Icing by Jeff Halpern.
17:51 of 3rd period - Tomas Fleischmann wins face-off versus Ryan Getzlaf in Capitals zone.
18:36 of 3rd period - Shot by Willie Mitchell.
18:36 of 3rd period - Shot Blocked by Tom Gilbert.
18:38 of 3rd period - Shot by Douglas Murray.
18:38 of 3rd period - Goal by Douglas Murray - Capitals : 3 - Wild : 2.
18:39 of 3rd period - Jeff Halpern wins face-off versus Ryan Getzlaf in neutral zone.
19:01 of 3rd period - Wild, Craig Anderson is pulled from the net.
19:09 of 3rd period - Shot by Michal Rozsival.
19:09 of 3rd period - Shot Misses the Net.
19:18 of 3rd period - Alexander Semin is hit by Michal Rozsival and loses puck.
19:26 of 3rd period - Icing by Bobby Ryan.
19:27 of 3rd period - Craig Anderson from Wild was sent back in the game.
19:27 of 3rd period - Alexander Ovechkin wins face-off versus Bobby Ryan in Wild zone.
19:44 of 3rd period - Off-side.
19:45 of 3rd period - Ryan Getzlaf wins face-off versus Alexander Ovechkin in neutral zone.
19:48 of 3rd period - Wild, Craig Anderson is pulled from the net.
19:52 of 3rd period - Shot by Milan Michalek.
19:52 of 3rd period - Stopped by Jimmy Howard without a rebound.
19:53 of 3rd period - Alexander Ovechkin wins face-off versus Ryan Getzlaf in Capitals zone.


Output by the SimonT Hockey Simulator (STHS) for Stephane Roy -- Original Page W3C XHTML 1.0 Valid